General information
- name: BNet
- type: Ladder team game (AT/RT)
- host: Battle.net
- saver: e.u.r.o.
map: Monsoon
- players: 6
- length: 48:03
- speed: Fast
- version: 1.27 W3XP
- replay type:

» download(391 KB)
Players
team 1 (loser)
Behemoth. (
orange | 47 APM | 2252 actions | 47:57)
6 Death Knight
3 Death Coil
3 Unholy Aura
4 Lich
2 Frost Armor
2 Frost Nova
» actions
| Assign group hotkey | 49 | |
| Basic commands | 9 | |
| Build / train | 80 | |
| Enter build submenu | 25 | |
| Enter hero's abilities submenu | 10 | |
| Give item / drop item | 6 | |
| Remove unit from queue | 1 | |
| Right click | 994 | |
| Select / deselect | 500 | |
| Select group hotkey | 395 | |
| Use ability | 183 | |
2252 total
» units
| Acolyte | 7 | |
| Ghoul | 9 | |
| Crypt Fiend | 8 | |
| Ogre Magi | 1 | |
| Frost Wyrm | 12 | |
| Meatwagon | 6 | |
43 total
» upgrades
| Web | 1 | |
| Burrow | 1 | |
| Creature Attack | 3 | |
| Creature Carapace | 1 | |
| Freezing Breath | 1 | |
| Unholy Strength | 1 | |
8 total
» buildings
| Graveyard | 1 | |
| Crypt | 1 | |
| Altar of Darkness | 1 | |
| Ziggurat | 11 | |
| Tomb of Relics | 1 | |
| Halls of the Dead | 1 | |
| Black Citadel | 1 | |
| Sacrificial Pit | 1 | |
| Boneyard | 3 | |
| Nerubian Tower | 1 | |
| Slaughterhouse | 2 | |
| Necropolis | 1 | |
25 total
» build order
00:08 Graveyard
00:17 Crypt
00:31 Altar of Darkness
00:50 Ziggurat
01:09 Tomb of Relics
01:20 Ziggurat
02:31 Ziggurat
03:49 Halls of the Dead
05:49 Ziggurat
05:51 Ziggurat
06:48 Black Citadel
07:21 Sacrificial Pit
07:26 Ziggurat
09:13 Boneyard
09:15 Boneyard
14:45 Ziggurat
15:22 Ziggurat
15:24 Nerubian Tower
20:14 Boneyard
20:35 Slaughterhouse
20:37 Slaughterhouse
26:12 Ziggurat
44:05 Necropolis
46:23 Ziggurat
46:37 Ziggurat
» items
| Rod of Necromancy | 3 | |
| Dust of Appearance | 2 | |
| Sacrificial Skull | 1 | |
| Scroll of Town Portal | 2 | |
| Potion of Healing | 1 | |
| Potion of Mana | 2 | |
| Orb of Corruption | 2 | |
13 total
ERNESCIK (
teal | 67 APM | 3225 actions | 48:01)
5 Death Knight
3 Death Coil
2 Unholy Aura
4 Lich
2 Frost Nova
2 Frost Armor
» actions
| Assign group hotkey | 346 | |
| Basic commands | 25 | |
| Build / train | 79 | |
| Enter build submenu | 21 | |
| Enter hero's abilities submenu | 8 | |
| Remove unit from queue | 6 | |
| Right click | 1338 | |
| Select / deselect | 555 | |
| Select group hotkey | 704 | |
| Use ability | 143 | |
3225 total
» units
| Acolyte | 13 | |
| Ghoul | 2 | |
| Crypt Fiend | 5 | |
| Obsidian Statue | 3 | |
| Abomination | 2 | |
| Meatwagon | 13 | |
38 total
» upgrades
| Creature Attack | 2 | |
| Creature Carapace | 1 | |
| Destroyer Form | 1 | |
| Web | 1 | |
| Unholy Strength | 2 | |
7 total
» buildings
| Graveyard | 1 | |
| Crypt | 1 | |
| Altar of Darkness | 1 | |
| Ziggurat | 9 | |
| Tomb of Relics | 1 | |
| Nerubian Tower | 2 | |
| Halls of the Dead | 1 | |
| Slaughterhouse | 3 | |
| Black Citadel | 1 | |
| Sacrificial Pit | 1 | |
| Boneyard | 3 | |
24 total
» build order
00:09 Graveyard
00:13 Crypt
00:49 Altar of Darkness
01:01 Ziggurat
01:51 Tomb of Relics
02:27 Nerubian Tower
03:42 Halls of the Dead
03:47 Ziggurat
03:57 Ziggurat
05:52 Nerubian Tower
06:08 Slaughterhouse
06:49 Black Citadel
08:17 Ziggurat
08:18 Ziggurat
08:49 Slaughterhouse
08:57 Ziggurat
10:25 Slaughterhouse
13:51 Ziggurat
13:51 Ziggurat
13:52 Ziggurat
45:59 Sacrificial Pit
47:28 Boneyard
47:31 Boneyard
47:35 Boneyard
» items
| Dust of Appearance | 2 | |
| Potion of Healing | 4 | |
| Scroll of Town Portal | 3 | |
| Potion of Mana | 1 | |
| Potion of Lesser Invulnerability | 1 | |
| Circlet of Nobility | 1 | |
| Orb of Corruption | 1 | |
13 total
noapm (
blue | 112 APM | 5379 actions | 47:54)
6 Priestess of the Moon
3 Trueshot Aura
2 Searing Arrows
1 Starfall
» actions
| Assign group hotkey | 101 | |
| Basic commands | 90 | |
| Build / train | 222 | |
| ESC pressed | 3 | |
| Enter build submenu | 75 | |
| Enter hero's abilities submenu | 6 | |
| Give item / drop item | 4 | |
| Remove unit from queue | 3 | |
| Right click | 2399 | |
| Select / deselect | 878 | |
| Select group hotkey | 1329 | |
| Use ability | 268 | |
5379 total
» units
| Wisp | 93 | |
| Huntress | 15 | |
| Druid of the Talon | 19 | |
| Glaive Thrower | 14 | |
| Archer | 13 | |
| Chimaera | 1 | |
155 total
» upgrades
| Ultravision | 1 | |
| Moon Armor | 2 | |
| Strength of the Wild | 3 | |
| Reinforced Hides | 4 | |
| Nature's Blessing | 1 | |
| Hippogryph Taming | 0 | |
| Druid of the Talon Training | 2 | |
| Well Spring | 2 | |
| Vorpal Blades | 1 | |
| Mark of the Talon | 1 | |
| Strength of the Moon | 3 | |
| Improved Bows | 1 | |
| Marksmanship | 1 | |
| Corrosive Breath | 1 | |
23 total
» buildings
| Altar of Elders | 1 | |
| Moon Well | 7 | |
| Hunter's Hall | 1 | |
| Ancient of War | 9 | |
| Tree of Life | 9 | |
| Tree of Ages | 2 | |
| Ancient of Wind | 2 | |
| Ancient Protector | 32 | |
| Tree of Eternity | 2 | |
| Ancient of Wonders | 2 | |
| Chimaera Roost | 2 | |
69 total
» build order
00:08 Altar of Elders
00:19 Moon Well
01:28 Hunter's Hall
01:46 Ancient of War
02:09 Ancient of War
02:23 Moon Well
02:44 Moon Well
04:16 Moon Well
06:09 Tree of Life
08:40 Tree of Life
08:41 Ancient of War
08:47 Tree of Life
10:22 Tree of Ages
10:22 Tree of Ages
11:28 Ancient of War
11:32 Ancient of War
12:34 Moon Well
13:40 Ancient of Wind
13:41 Ancient of Wind
14:05 Ancient Protector
14:06 Ancient Protector
14:09 Tree of Eternity
15:35 Ancient Protector
16:32 Tree of Life
16:34 Ancient Protector
18:14 Ancient of Wonders
19:00 Ancient of War
19:04 Ancient Protector
20:08 Ancient Protector
20:14 Moon Well
20:17 Chimaera Roost
21:05 Ancient Protector
21:42 Ancient of War
21:44 Ancient of War
22:25 Chimaera Roost
24:10 Moon Well
26:16 Ancient Protector
26:17 Ancient Protector
27:07 Tree of Life
27:09 Ancient Protector
27:11 Ancient Protector
27:12 Ancient Protector
27:14 Ancient Protector
27:16 Ancient Protector
27:39 Ancient of Wonders
27:41 Ancient of War
28:49 Ancient Protector
28:50 Ancient Protector
28:52 Ancient Protector
29:02 Ancient Protector
30:16 Tree of Life
30:18 Ancient Protector
30:19 Ancient Protector
30:20 Ancient Protector
30:22 Ancient Protector
30:23 Ancient Protector
30:53 Ancient Protector
30:57 Ancient Protector
32:26 Tree of Life
32:58 Tree of Life
33:12 Ancient Protector
34:38 Ancient Protector
38:21 Ancient Protector
42:42 Tree of Life
42:45 Ancient Protector
42:46 Ancient Protector
46:20 Ancient Protector
46:21 Ancient Protector
» items
| Rod of Necromancy | 1 | |
| Boots of Speed | 2 | |
| Scroll of Healing | 3 | |
| Potion of Lesser Invulnerability | 5 | |
| Scroll of Town Portal | 2 | |
13 total
team 2 (winner)
e.u.r.o. (
pink | 141 APM | 6758 actions | 48:03)
10 Blademaster
3 Wind Walk
3 Critical Strike
1 Bladestorm
3 Mirror Image
» actions
| Assign group hotkey | 22 | |
| Basic commands | 11 | |
| Build / train | 97 | |
| Enter build submenu | 48 | |
| Enter hero's abilities submenu | 10 | |
| Give item / drop item | 5 | |
| Remove unit from queue | 2 | |
| Right click | 4815 | |
| Select / deselect | 380 | |
| Select group hotkey | 914 | |
| Use ability | 450 | |
6758 total
» units
» upgrades
| Liquid Fire | 1 | |
| Ranged Weapons | 3 | |
| Reinforced Defenses | 1 | |
| Armor | 3 | |
| Ensnare | 1 | |
| Troll Regeneration | 1 | |
10 total
» buildings
| Altar of Storms | 1 | |
| Orc Burrow | 4 | |
| War Mill | 1 | |
| Voodoo Lounge | 3 | |
| Watch Tower | 63 | |
| Stronghold | 5 | |
| Beastiary | 2 | |
| Fortress | 1 | |
| Great Hall | 1 | |
| Barracks | 1 | |
82 total
» build order
00:08 Altar of Storms
00:18 Orc Burrow
00:34 War Mill
01:39 Voodoo Lounge
01:46 Watch Tower
02:36 Watch Tower
02:38 Watch Tower
02:50 Watch Tower
02:52 Watch Tower
03:09 Stronghold
03:09 Stronghold
03:09 Stronghold
03:27 Watch Tower
03:44 Orc Burrow
04:24 Watch Tower
04:26 Watch Tower
04:40 Watch Tower
05:40 Watch Tower
05:41 Watch Tower
05:44 Watch Tower
05:44 Watch Tower
05:58 Watch Tower
06:03 Beastiary
06:16 Beastiary
06:54 Fortress
07:20 Watch Tower
07:35 Voodoo Lounge
07:37 Voodoo Lounge
08:26 Great Hall
08:40 Watch Tower
09:04 Orc Burrow
09:55 Watch Tower
09:56 Watch Tower
12:24 Watch Tower
12:32 Orc Burrow
13:17 Watch Tower
13:17 Watch Tower
13:18 Watch Tower
13:27 Watch Tower
13:27 Watch Tower
16:49 Watch Tower
16:50 Watch Tower
16:50 Watch Tower
16:51 Watch Tower
16:51 Watch Tower
16:52 Watch Tower
20:15 Watch Tower
20:15 Watch Tower
20:16 Watch Tower
20:16 Watch Tower
20:17 Watch Tower
24:42 Watch Tower
24:43 Watch Tower
24:44 Watch Tower
25:19 Barracks
27:02 Watch Tower
27:02 Watch Tower
27:03 Watch Tower
28:00 Watch Tower
29:39 Watch Tower
29:39 Watch Tower
29:40 Watch Tower
29:41 Watch Tower
29:42 Watch Tower
29:42 Watch Tower
31:04 Watch Tower
31:42 Watch Tower
31:43 Watch Tower
31:44 Watch Tower
32:07 Watch Tower
32:07 Watch Tower
32:08 Watch Tower
32:09 Watch Tower
32:10 Watch Tower
45:07 Watch Tower
45:09 Watch Tower
45:10 Watch Tower
45:12 Watch Tower
45:13 Watch Tower
45:16 Watch Tower
» items
| Boots of Speed | 4 | |
| Staff of Teleportation | 4 | |
| Healing Salve | 2 | |
| Lesser Clarity Potion | 2 | |
| Orb of Lightning | 1 | |
| Scroll of Town Portal | 1 | |
14 total
gorpboys9999999 (
yellow | 100 APM | 4801 actions | 48:02)
7 Warden
3 Shadow Strike
3 Blink
1 Spirit of Vengeance
» actions
| Assign group hotkey | 11 | |
| Basic commands | 39 | |
| Build / train | 51 | |
| ESC pressed | 5 | |
| Enter build submenu | 22 | |
| Enter hero's abilities submenu | 7 | |
| Give item / drop item | 9 | |
| Right click | 3510 | |
| Select / deselect | 299 | |
| Select group hotkey | 470 | |
| Use ability | 378 | |
4801 total
» units
» upgrades
| Ultravision | 1 | |
| Well Spring | 1 | |
| Strength of the Wild | 3 | |
| Reinforced Hides | 2 | |
| Druid of the Talon Training | 1 | |
| Nature's Blessing | 1 | |
9 total
» buildings
| Altar of Elders | 2 | |
| Moon Well | 22 | |
| Tree of Ages | 1 | |
| Tree of Life | 3 | |
| Tree of Eternity | 1 | |
| Hunter's Hall | 1 | |
| Ancient of Wonders | 1 | |
| Ancient of Wind | 1 | |
32 total
» build order
00:05 Altar of Elders
00:06 Moon Well
01:45 Moon Well
03:07 Tree of Ages
07:08 Tree of Life
07:10 Tree of Eternity
07:45 Hunter's Hall
07:47 Ancient of Wonders
10:06 Moon Well
10:07 Moon Well
10:09 Moon Well
10:10 Moon Well
12:17 Moon Well
12:19 Moon Well
12:20 Moon Well
12:22 Moon Well
12:22 Moon Well
12:25 Moon Well
12:26 Moon Well
12:27 Moon Well
12:29 Moon Well
13:18 Moon Well
13:19 Moon Well
13:21 Moon Well
13:21 Moon Well
13:23 Moon Well
14:05 Ancient of Wind
23:57 Moon Well
23:57 Moon Well
27:21 Tree of Life
27:42 Altar of Elders
29:00 Tree of Life
» items
| Boots of Speed | 1 | |
| Staff of Teleportation | 1 | |
| Lesser Clarity Potion | 3 | |
| Orb of Venom | 1 | |
| Potion of Healing | 1 | |
| Healing Salve | 1 | |
| Circlet of Nobility | 3 | |
11 total
iggy_the_fisk (
red | 136 APM | 6550 actions | 48:02)
6 Mountain King
3 Storm Bolt
1 Bash
1 Thunder Clap
1 Avatar
6 Paladin
3 Holy Light
3 Divine Shield
4 Blood Mage
2 Banish
2 Siphon Mana
» actions
| Assign group hotkey | 389 | |
| Basic commands | 49 | |
| Build / train | 158 | |
| Enter build submenu | 102 | |
| Enter hero's abilities submenu | 21 | |
| Give item / drop item | 24 | |
| Right click | 3269 | |
| Select / deselect | 662 | |
| Select group hotkey | 1414 | |
| Use ability | 462 | |
6550 total
» units
» upgrades
| Masonry | 3 | |
| Lumber Harvesting | 2 | |
| Magic Sentry | 1 | |
| Swords | 1 | |
| Armor | 1 | |
| Animal War Training | 2 | |
10 total
» buildings
| Altar of Kings | 1 | |
| Farm | 3 | |
| Lumber Mill | 1 | |
| Scout Tower | 123 | |
| Arcane Tower | 10 | |
| Guard Tower | 56 | |
| Keep | 1 | |
| Castle | 1 | |
| Town Hall | 1 | |
| Arcane Sanctum | 1 | |
| Arcane Vault | 4 | |
| Gryphon Aviary | 1 | |
| Barracks | 1 | |
| Blacksmith | 1 | |
205 total
» build order
00:05 Altar of Kings
00:18 Farm
00:49 Lumber Mill
00:53 Farm
01:17 Scout Tower
01:39 Scout Tower
01:40 Scout Tower
01:47 Scout Tower
01:49 Scout Tower
01:49 Arcane Tower
02:15 Arcane Tower
02:30 Guard Tower
02:31 Scout Tower
02:44 Guard Tower
02:46 Scout Tower
02:58 Scout Tower
03:00 Guard Tower
03:01 Scout Tower
03:36 Keep
03:39 Guard Tower
03:39 Guard Tower
04:26 Guard Tower
04:27 Scout Tower
04:29 Scout Tower
04:29 Scout Tower
04:31 Scout Tower
04:31 Scout Tower
05:44 Scout Tower
05:45 Scout Tower
05:47 Guard Tower
06:02 Farm
06:03 Castle
06:10 Guard Tower
06:45 Town Hall
06:52 Guard Tower
06:55 Scout Tower
06:56 Scout Tower
06:57 Scout Tower
07:02 Scout Tower
07:03 Scout Tower
07:09 Guard Tower
07:11 Scout Tower
07:12 Scout Tower
07:13 Scout Tower
07:15 Scout Tower
07:16 Scout Tower
07:46 Arcane Sanctum
07:53 Guard Tower
07:55 Guard Tower
08:53 Guard Tower
09:11 Guard Tower
09:32 Arcane Vault
09:49 Guard Tower
09:51 Scout Tower
09:52 Scout Tower
09:53 Scout Tower
10:30 Guard Tower
10:32 Scout Tower
10:33 Scout Tower
10:42 Arcane Vault
10:44 Arcane Tower
10:47 Arcane Vault
10:51 Scout Tower
10:51 Scout Tower
10:56 Guard Tower
11:11 Gryphon Aviary
11:39 Guard Tower
11:47 Guard Tower
11:48 Scout Tower
11:49 Scout Tower
11:54 Scout Tower
11:55 Scout Tower
11:56 Scout Tower
12:03 Arcane Vault
12:05 Scout Tower
12:06 Scout Tower
12:10 Scout Tower
12:10 Scout Tower
12:11 Scout Tower
12:33 Arcane Tower
12:34 Scout Tower
12:35 Scout Tower
12:52 Guard Tower
12:54 Scout Tower
13:05 Guard Tower
13:06 Scout Tower
13:15 Arcane Tower
13:43 Guard Tower
13:46 Scout Tower
13:47 Scout Tower
14:35 Guard Tower
14:39 Scout Tower
14:40 Scout Tower
14:41 Scout Tower
15:13 Guard Tower
15:16 Scout Tower
15:17 Scout Tower
15:19 Scout Tower
15:42 Guard Tower
15:44 Scout Tower
15:45 Scout Tower
15:47 Scout Tower
15:49 Scout Tower
16:27 Guard Tower
16:40 Guard Tower
16:50 Scout Tower
16:50 Scout Tower
16:51 Scout Tower
16:52 Scout Tower
16:53 Scout Tower
16:53 Scout Tower
16:54 Scout Tower
16:55 Scout Tower
17:54 Guard Tower
17:57 Scout Tower
17:58 Scout Tower
18:05 Scout Tower
18:06 Scout Tower
18:24 Arcane Tower
18:25 Arcane Tower
18:25 Arcane Tower
18:26 Guard Tower
18:39 Scout Tower
18:40 Scout Tower
19:02 Guard Tower
19:18 Scout Tower
19:18 Scout Tower
20:16 Guard Tower
20:18 Scout Tower
20:23 Arcane Tower
20:24 Guard Tower
20:34 Guard Tower
20:34 Guard Tower
20:44 Scout Tower
20:46 Scout Tower
20:49 Guard Tower
20:56 Scout Tower
20:57 Scout Tower
21:41 Arcane Tower
21:41 Guard Tower
22:10 Guard Tower
26:34 Barracks
26:34 Blacksmith
26:38 Scout Tower
26:42 Scout Tower
26:43 Scout Tower
26:44 Scout Tower
28:12 Guard Tower
28:14 Scout Tower
28:14 Scout Tower
30:58 Guard Tower
31:03 Scout Tower
31:04 Scout Tower
31:05 Scout Tower
31:06 Scout Tower
31:07 Scout Tower
31:08 Scout Tower
31:09 Scout Tower
31:10 Scout Tower
31:36 Guard Tower
32:01 Guard Tower
32:23 Guard Tower
32:27 Scout Tower
33:15 Guard Tower
33:43 Guard Tower
38:48 Scout Tower
38:49 Scout Tower
38:49 Scout Tower
38:50 Scout Tower
38:50 Scout Tower
38:51 Scout Tower
38:55 Scout Tower
38:59 Scout Tower
38:59 Scout Tower
39:00 Scout Tower
39:01 Scout Tower
39:02 Scout Tower
39:02 Scout Tower
39:02 Scout Tower
39:03 Scout Tower
39:28 Guard Tower
39:29 Scout Tower
40:00 Guard Tower
40:19 Guard Tower
40:41 Guard Tower
40:52 Guard Tower
41:12 Guard Tower
42:24 Guard Tower
42:39 Guard Tower
42:42 Scout Tower
42:43 Scout Tower
42:43 Scout Tower
44:10 Guard Tower
44:14 Scout Tower
44:16 Scout Tower
44:17 Scout Tower
44:18 Scout Tower
44:43 Scout Tower
44:44 Scout Tower
44:45 Scout Tower
44:46 Scout Tower
44:47 Guard Tower
44:52 Scout Tower
» items
| Boots of Speed | 3 | |
| Staff of Teleportation | 3 | |
| Dust of Appearance | 2 | |
| Staff of Sanctuary | 3 | |
| Orb of Lightning | 3 | |
| Healing Salve | 7 | |
| Periapt of Vitality | 2 | |
| Circlet of Nobility | 1 | |
| Tome of Retraining | 1 | |
| Lesser Clarity Potion | 11 | |
36 total
Chat log
(00:41 / All) gorpboys9999999: hello welcome have a good fun game!! thanks :)
(00:50 / All) noapm: hey
(00:53 / All) noapm: same to you :D
(00:56 / All) Behemoth.: hf
(00:56 / All) gorpboys9999999: hey!
(00:59 / All) gorpboys9999999: have a gg ok?
(01:00 / All) e.u.r.o.: gl! have fun
(01:10 / All) gorpboys9999999: where u guys from
(01:58 / All) gorpboys9999999: GL HF
(02:16 / All) gorpboys9999999: Good Gorp Have Fun
(02:55 / All) gorpboys9999999: u ever make a crypt-fiend
(21:27 / All) e.u.r.o.: hi! i hope we're all having a good game =-)
(21:31 / All) gorpboys9999999: plans
(21:33 / All) e.u.r.o.: interlude 4 chat
(21:38 / All) e.u.r.o.: guess not.... =-O
(23:58 / All) e.u.r.o.: lol blue
(24:03 / All) e.u.r.o.: u are new to this game?
(41:50 / All) e.u.r.o.: lmao
(43:00 / All) e.u.r.o.: u afk?
(43:05 / All) gorpboys9999999: u guys bad?
(46:39 / All) e.u.r.o.: guys these units...
(47:03 / All) noapm: easier to lame and tower and use just heroes
(47:10 / All) noapm: man u have like 5apm
(47:11 / All) e.u.r.o.: ok youshould do it too
(47:15 / All) e.u.r.o.: we'll see
(47:20 / All) e.u.r.o.: when i uplkoad this replay to highper.ch